 Dungeon Crawl Stone Soup version 0.16.2-12-gd0ad4c3 (webtiles) character file.

481050 faibistes the Sorcerer (level 23, -14/149 HPs)
             Began as a Deep Elf Wizard on Nov 14, 2018.
             Was the Champion of Sif Muna.
             Demolished by Mennas
             ... wielding a +3 eudemon blade of holy wrath
              (18 damage)
             ... on level 2 of the Depths on Nov 16, 2018.
             The game lasted 05:18:55 (99284 turns).

faibistes the Sorcerer (Deep Elf Wizard)           Turns: 99284, Time: 05:18:55

Health: -14/149    AC: 16    Str:  4    XL:     23   Next: 70%
Magic:  18/66      EV: 17    Int: 34    God:    Sif Muna [******]
Gold:   1596       SH:  0    Dex: 13    Spells: 11 memorised, 4 levels left

rFire  + . .     SeeInvis +     w - staff of power
rCold  x . .     Clarity  .     b - +2 robe {rC+}
rNeg   . . .     SustAb   .     (no shield)
rPois  +         Gourm    .     B - +2 helmet
rElec  +         Spirit   .     Y - +2 cloak {MR+}
rCorr  .         Warding  .     L - +2 pair of gloves
rMut   +         Stasis   .     A - +2 pair of boots
MR     +++..                    D - amulet of Inueph {rMut rElec rPois rF-}
Stlth  +.........               a - ring of magical power
                                l - ring of see invisible

@: immune to fire clouds, glowing, silenced, deflect missiles, extremely
resistant to hostile enchantments, very unstealthy
A: robust 1
a: Renounce Religion
}: 2/15 runes: serpentine, barnacled


You were on level 2 of the Depths.
You worshipped Sif Muna.
Sif Muna was exalted by your worship.
You were not hungry.

You visited 9 branches of the dungeon, and saw 47 of its levels.
You visited the Abyss 1 time.

You collected 4984 gold pieces.
You spent 3388 gold pieces at shops.

Inventory:

Hand weapons
 Q - the +3 battleaxe of the Beast {freeze, rElec rPois rN+ Str+4 Dex-3}
   (You bought it in a shop on level 8 of the Dungeon)

   It has been specially enchanted to freeze those struck by it, causing extra
   injury to most foes and up to half again as much damage against particularly
   susceptible opponents.
   It can also slow down cold-blooded creatures.
   It affects your strength (+4).
   It affects your dexterity (-3).
   It insulates you from electricity.
   It protects you from poison.
   It protects you from negative energy.
Armour
 b - a +2 robe of cold resistance (worn)
 A - a +2 pair of boots (worn)
 B - a +2 helmet (worn)
 L - a +2 pair of gloves (worn)
 Y - a +2 cloak of magic resistance (worn)
Magical staves
 w - an uncursed staff of power (weapon)
Jewellery
 a - a ring of magical power (right hand)
 l - a ring of see invisible (left hand)
 D - the amulet of Inueph (around neck) {rMut rElec rPois rF-}
   (You bought it in a shop on level 1 of the Orcish Mines)

   [amulet of resist mutation]

   It protects you from mutation.
   It makes you vulnerable to fire.
   It insulates you from electricity.
   It protects you from poison.
 W - an uncursed ring of flight
Magical devices
 j - a wand of paralysis (11)
 k - a wand of lightning (6)
 m - a wand of hasting (1)
 o - a wand of fire (1)
 t - a wand of teleportation (4)
 y - a wand of fireball (6)
 N - a wand of fire (5)
 P - a wand of heal wounds (4)
 T - a wand of teleportation (7)
 X - a wand of teleportation (2)
Scrolls
 c - 4 scrolls of summoning
 f - 6 scrolls of blinking
 g - 19 scrolls of teleportation
 i - 18 scrolls of remove curse
 p - 4 scrolls of immolation
 q - 9 scrolls of magic mapping
 v - a scroll of fog
 H - 2 scrolls of fear
 M - 2 scrolls of recharging
 Z - 4 scrolls of holy word
Potions
 e - 5 potions of haste
 n - 2 potions of magic
 r - 5 potions of restore abilities
 x - 12 potions of curing
 z - 2 potions of resistance
 F - 3 potions of cancellation
 I - 6 potions of brilliance
 J - 2 potions of ambrosia
 K - a potion of invisibility
 O - a potion of cure mutation
 R - 4 potions of flight
 S - a potion of heal wounds
Miscellaneous
 E - a lamp of fire
Comestibles
 d - 28 bread rations
 h - 17 meat rations
 s - 5 chunks of flesh
 C - 9 royal jellies


   Skills:
 + Level 11.8 Fighting
 - Level 10.0 Dodging
 - Level 2.4 Stealth
 * Level 22.1 Spellcasting
 * Level 17.8 Conjurations
 - Level 12.5 Charms
   Level 1.1 Summonings
 - Level 13.1 Translocations
   Level 3.1 Transmutations
 * Level 18.3 Fire Magic
 - Level 3.2 Air Magic
 * Level 18.2 Earth Magic
 - Level 2.5 Poison Magic
 - Level 10.0 Invocations
 - Level 9.0 Evocations


You had 4 spell levels left.
You knew the following spells:

 Your Spells              Type           Power        Failure   Level  Hunger
a - Lehudib's Crystal Sp  Conj/Erth      ########..   3%          8    ###....
b - Ring of Flames        Chrm/Fire      ########..   1%          7    None
c - Iskenderun's Battles  Conj/Chrm      #######.     1%          5    None
d - Controlled Blink      Tloc           N/A          3%          7    None
e - Mephitic Cloud        Conj/Pois/Air  ######..     1%          3    None
f - Deflect Missiles      Chrm/Air       ######....   6%          6    None
h - Haste                 Chrm           #######.     1%          6    None
l - Lee's Rapid Deconstr  Erth           ########..   0%          5    None
v - Bolt of Fire          Conj/Fire      ########..   1%          6    None
x - Force Lance           Conj/Tloc      #######.     0%          4    None
z - Fireball              Conj/Fire      ########..   0%          5    None


Dungeon Overview and Level Annotations

Branches:
Dungeon (15/15) Temple (1/1) D:7 Lair (8/8) D:10 Shoals (5/5) Lair:5 Snake (5/5) Lair:5 Slime (0/6) Lair:6 Lair:7 Orc (4/4) D:11 Elf (2/3) Orc:4 Vaults (4/5) D:13 Crypt (0/3) Vaults:2 Depths (3/5) D:15

Altars:
Ashenzari
Cheibriados
Dithmenos
Elyvilon
Fedhas
Gozag
Kikubaaqudgha
Makhleb
Nemelex Xobeh
Okawaru
Qazlal
Ru
Sif Muna
Trog
Vehumet
Xom
Yredelemnul
Zin
The Shining One

Shops:
D:8 ((=   D:15 !   Orc:1 =   Orc:3 [   Orc:4 !*=[   Elf:1 }   Vaults:1 *
Vaults:3 [   Depths:2 (*

Portals:
Hell: Lair:8 Depths:1 Depths:2
Pandemonium: Depths:1 Depths:2
Ziggurat: Depths:1
Trove: Vaults:2 (show slimy rune of Zot)

Annotations:
Depths:2 Mennas


Innate Abilities, Weirdness & Mutations

You are immune to clouds of flame.
You are robust (+10% HP).


Message History

Mennas is engulfed in roaring flames. x2
Mennas hits you with an eudemon blade of holy wrath!! x2
* * * LOW HITPOINT WARNING * * *
You see here 20 stones.
Mennas is engulfed in roaring flames.
Drink which item? (? for menu, Esc to quit)
You feel much better.
Mennas is engulfed in roaring flames.
Mennas closely misses you.
Mennas hits you with an eudemon blade of holy wrath!
Mennas is engulfed in roaring flames.
Mennas hits you with an eudemon blade of holy wrath!!
* * * LOW HITPOINT WARNING * * *
Mennas hits you with an eudemon blade of holy wrath!
* * * LOW HITPOINT WARNING * * *
Drink which item? (? for menu, Esc to quit)
You feel much better.
Mennas is engulfed in roaring flames.
Mennas hits you with an eudemon blade of holy wrath!!
* * * LOW HITPOINT WARNING * * *
Mennas hits you with an eudemon blade of holy wrath!!
You die...

############
#..........#
#..........#
#..........#
#....§.....+
#....§.§...#
+....§§§§..#
#+##.....§§§§.###
.........§A@§...#
..........§§§...#
................#
.................#
..................#
..................#
..................#
...................#
###+####[#)........+


You could see Mennas.

Vanquished Creatures
  Sojobo (Depths:1)
  Norris (Shoals:5)
  Mara (Vaults:2)
  A golden dragon (Vaults:4)
  Xtahua (Vaults:3)
  Nikola (Depths:2)
  The ghost of faibistes the Eclecticist, a mighty DEWz of Sif Muna (Vaults:1)
  A deep elf blademaster (Elf:2)
  Asterion (Vaults:2)
  The ghost of faibistes the Eclecticist, a mighty DEWz of Sif Muna (Snake:4)
  2 sphinxes
  A storm dragon (Vaults:3)
  Kirke (Elf:1)
  4 tengu reavers
  Ilsuiw (Shoals:5)
  14 greater nagas
  3 fire giants
  8 vault wardens
  2 emperor scorpions
  Aizul (Depths:1)
  Louise (Shoals:5)
  5 deep elf sorcerers
  A frost giant (Vaults:4)
  An orc warlord (Orc:3)
  Gastronok (Lair:3)
  7 very ugly things
  13 stone giants
  15 ironheart preservers
  A deep elf demonologist (Vaults:2)
  A vampire knight (Depths:2)
  2 deep elf annihilators
  3 dire elephants
  Snorg (Lair:6)
  5 merfolk javelineers
  2 minotaurs
  5 ettins
  2 deep elf death magi
  A crystal guardian (Vaults:4)
  9 vault guards
  6 fire dragons
  12 merfolk impalers
  12 yaktaur captains
  Fannar (Orc:2)
  3 great orbs of eyes
  7 hydras
  Harold (D:11)
  A rakshasa (Vaults:2)
  5 ice dragons
  2 catoblepae
  16 naga warriors
  10 anacondas
  5 merfolk avatars
  A spriggan air mage (Depths:2)
  Erica (D:10)
  2 alligator snapping turtles (Shoals:5)
  16 dancing weapons (Elf:2)
  A satyr (Shoals:5)
  6 centaur warriors
  15 ogre magi
  4 merfolk aquamancers
  3 deep troll shamans (Vaults:4)
  6 deep troll earth magi
  13 death yaks
  2 tengu warriors (D:15)
  A vampire mage (Depths:1)
  4 orc high priests
  16 naga sharpshooters
  A sun demon (Lair:8)
  12 shock serpents
  4 salamander mystics
  8 sea snakes
  A fire crab (Vaults:3)
  7 skeletal warriors
  2 shadow wraiths (Vaults:2)
  4 wizards
  An unseen horror (shapeshifter) (Depths:2)
  10 deep elf knights
  A sea snake (shapeshifter) (Vaults:1)
  5 unseen horrors
  7 deep elf summoners
  22 deep trolls
  2 giant orange brains (Vaults:2)
  A spriggan druid (Depths:1)
  10 naga ritualists
  17 hill giants
  13 deep elf conjurers
  A tengu zombie (Vaults:3)
  Pikel (D:9)
  A wolf spider zombie (D:13)
  15 orc knights
  A sixfirhy (Lair:8)
  18 harpies
  An orb spider (shapeshifter) (D:14)
  2 fauns (Shoals:2)
  7 orc sorcerers
  An oklob plant (Lair:3)
  11 mana vipers
  9 manticores
  35 ugly things
  6 necromancers
  A tengu skeleton (Vaults:4)
  17 griffons
  A stone giant zombie (Vaults:1)
  9 ironbrand convokers
  A hornet (Vaults:4)
  6 cyclopes
  A moth of wrath (shapeshifter) (Vaults:1)
  5 water nymphs
  A draconian (shapeshifter) (Vaults:3)
  14 salamanders
  15 elephants
  8 sirens
  75 black mambas
  A frost giant skeleton (Vaults:2)
  2 orange demons (Lair:8)
  2 centaur zombies (D:15)
  A stone giant skeleton (Depths:1)
  19 spiny frogs
  A torpor snail (Depths:2)
  16 vault sentinels
  8 guardian serpents
  A gargoyle (D:13)
  A yaktaur zombie (Vaults:3)
  A spriggan zombie (Depths:1)
  37 naga magi
  A fire drake (shapeshifter) (Vaults:3)
  A kobold demonologist (Vaults:3)
  An efreet (D:14)
  A tengu conjurer (D:15)
  5 komodo dragons
  12 trolls
  46 merfolk
  47 yaktaurs
  A hellwing (Lair:8)
  6 blue devils (Lair:8)
  A jumping spider (shapeshifter) (Vaults:3)
  3 polar bears
  8 deep elf priests
  A baby alligator (shapeshifter) (Vaults:2)
  6 fire drakes
  36 slime creatures
  3 ravens (D:15)
  6 freezing wraiths
  A raiju (shapeshifter) (Vaults:3)
  35 blink frogs
  A queen bee (D:14)
  6 wind drakes
  A deep troll zombie (Depths:1)
  7 snapping turtles
  3 boulder beetles
  23 two-headed ogres
  A trapdoor spider zombie (D:13)
  4 human simulacra
  12 basilisks
  14 water elementals
  A centaur simulacrum (D:15)
  A fire giant simulacrum (Vaults:3)
  2 ettin skeletons
  68 yaks
  A tarantella (Vaults:1)
  3 wraiths
  A frost giant simulacrum (Vaults:3)
  25 deep elf magi
  12 wyverns
  4 redbacks
  2 hogs (Elf:1)
  23 hippogriffs
  A vampire (D:15)
  5 hungry ghosts
  A soldier ant (shapeshifter) (Vaults:1)
  2 mottled dragons
  19 wolves
  18 deep elf fighters
  An elf skeleton (Vaults:1)
  11 vampire mosquitoes
  A soldier ant (D:14)
  40 water moccasins
  2 wargs
  44 orc warriors
  2 hell hounds
  62 nagas
  2 wasps
  17 porcupines
  3 ice beasts
  An eye of draining (D:11)
  2 phantoms
  4 sky beasts
  4 black bears
  71 ogres
  2 human zombies (Vaults:4)
  2 necrophages
  4 boggarts (Depths:1)
  14 centaurs
  Sigmund (D:5)
  A lost soul (Elf:2)
  5 big kobolds
  22 crocodiles
  27 giant frogs
  4 boring beetles
  A wyvern zombie (D:11)
  Blork the orc (D:6)
  2 human skeletons
  41 killer bees
  A scorpion (D:7)
  12 wights
  A goliath beetle (D:6)
  4 electric eels
  12 jellies
  2 quasits
  10 crimson imps
  14 hounds
  2 giant frog zombies
  35 orc priests
  A two-headed ogre zombie (Vaults:2)
  8 centaur skeletons
  A giant frog skeleton (D:4)
  50 orc wizards
  11 iguanas
  A gnoll shaman (D:7)
  7 worker ants
  3 hell rats
  28 sheep
  An ogre zombie (Vaults:2)
  A hound zombie (D:10)
  A mummy (D:9)
  30 adders
  5 gnolls
  4 shadow imps
  88 river rats
  A worm (D:2)
  An orc zombie (D:6)
  An adder zombie (D:9)
  An ooze (D:1)
  262 orcs
  A ball python (D:2)
  3 giant cockroaches
  15 goblins
  24 hobgoblins
  16 quokkas
  20 bats
  6 giant geckos
  A giant gecko skeleton (D:5)
  5 giant newts
  A giant spore (D:12)
  10 jackals
  23 kobolds
  3 quokka skeletons
  A quokka zombie (D:8)
  18 rats
  2 ballistomycetes (D:12)
  A bush (Lair:7)
  5 fungi
  3 plants
2409 creatures vanquished.

Vanquished Creatures (collateral kills)
  A worker ant (D:6)
  An adder (Lair:7)
  A gnoll (D:1)
  A bat (D:6)
  5 jackals (D:2)
9 creatures vanquished.

Vanquished Creatures (others)
  A lich (Vaults:3)
  A deep elf conjurer (Elf:1)
  A drowned soul (Shoals:5)
  A human (Elf:2)
  A vampire mosquito (Vaults:2)
  4 slaves (D:9)
  A giant frog (D:9)
  An ogre (Depths:2)
  An orc priest (Orc:4)
  A crimson imp (D:12)
  A hound (D:9)
  An orc wizard (Orc:4)
  A hound zombie (D:9)
  A mummy (D:9)
  A gnoll (D:9)
  3 orcs
  2 bushes (Lair:8)
  37 fungi
  17 plants
77 creatures vanquished.

Grand Total: 2495 creatures vanquished

Notes
Turn   | Place    | Note
--------------------------------------------------------------
     0 | D:1      | faibistes, the Deep Elf Wizard, began the quest for the Orb.
     0 | D:1      | Reached XP level 1. HP: 10/10 MP: 6/6
   344 | D:1      | Reached XP level 2. HP: 15/15 MP: 4/9
   543 | D:1      | Learned a level 2 spell: Blink
   546 | D:1      | Learned a level 2 spell: Call Imp
   919 | D:1      | Reached skill level 5 in Spellcasting
  1140 | D:1      | Reached XP level 3. HP: 19/19 MP: 2/14
  1206 | D:1      | Learned a level 3 spell: Conjure Flame
  1210 | D:1      | Learned a level 3 spell: Mephitic Cloud
  1903 | D:2      | Reached XP level 4. HP: 24/24 MP: 6/17
  1913 | D:2      | Learned a level 2 spell: Repel Missiles
  2513 | D:2      | Found a radiant altar of Vehumet.
  2855 | D:5      | Entered Level 5 of the Dungeon
  3652 | D:4      | Reached skill level 6 in Spellcasting
  3777 | D:4      | Reached XP level 5. HP: 28/28 MP: 13/20
  4183 | D:4      | Noticed a giant frog
  4191 | D:4      | Killed a giant frog
  4191 | D:4      | Reached skill level 7 in Spellcasting
  4191 | D:4      | Reached XP level 6. HP: 32/32 MP: 10/23
  4413 | D:4      | Found an iron altar of Okawaru.
  4470 | D:4      | Reached skill level 1 in Evocations
  4645 | D:5      | Noticed Sigmund
  4658 | D:5      | Killed Sigmund
  4658 | D:5      | Reached skill level 1 in Fighting
  4936 | D:5      | Reached XP level 7. HP: 35/38 MP: 19/25
  5054 | D:5      | Noticed an ogre
  5063 | D:5      | Killed an ogre
  5169 | D:5      | Reached skill level 8 in Spellcasting
  5298 | D:5      | Noticed an ogre
  5309 | D:5      | Killed an ogre
  5719 | D:6      | Reached skill level 5 in Dodging
  5883 | D:6      | Noticed Blork the orc
  6136 | D:6      | Reached XP level 8. HP: 44/46 MP: 2/28
  6325 | D:6      | Killed Blork the orc
  6325 | D:6      | Reached skill level 9 in Spellcasting
  6362 | D:6      | HP: 2/45 [necrophage (6)]
  7306 | D:7      | Reached skill level 10 in Spellcasting
  7397 | D:7      | Found a basalt altar of Yredelemnul.
  7715 | D:7      | Reached XP level 9. HP: 43/52 MP: 15/30
  8132 | D:7      | Reached skill level 5 in Evocations
  8239 | D:7      | Found a blossoming altar of Fedhas.
  8345 | D:7      | Found a deep blue altar of Sif Muna.
  8348 | D:7      | Became a worshipper of Sif Muna the Loreminder
  8354 | D:7      | Learned a level 4 spell: Petrify
  8538 | D:7      | Found a staircase to the Ecumenical Temple.
  8660 | Temple   | Entered the Ecumenical Temple
  8886 | D:7      | Reached skill level 1 in Poison Magic
  9059 | D:7      | Reached skill level 1 in Fire Magic
  9086 | D:7      | Reached skill level 1 in Earth Magic
  9183 | D:8      | Found Fegub's Antique Weapon Emporium.
  9192 | D:8      | Bought a dazzling scimitar for 162 gold pieces
  9192 | D:8      | Identified the +0 scimitar "Stryr" {elec, rF+} (You bought it in a shop on level 8 of the Dungeon)
  9193 | D:8      | Bought a faintly glowing battleaxe for 207 gold pieces
  9193 | D:8      | Identified the +3 battleaxe of the Beast {freeze, rElec rPois rN+ Str+4 Dex-3} (You bought it in a shop on level 8 of the Dungeon)
  9217 | D:8      | Reached skill level 1 in Air Magic
  9360 | D:8      | Found Vuddool's Antique Weapon Shop.
  9409 | D:8      | Got a faintly glowing trident
  9410 | D:8      | Identified the cursed -1 trident "Azinut" {pierce, rC+} (You found it on level 8 of the Dungeon)
  9469 | D:8      | Acquired Sif Muna's first power
 10441 | D:8      | Found Bifot's Jewellery Emporium.
 10734 | D:9      | Noticed Pikel
 10749 | D:9      | Killed Pikel
 10749 | D:9      | Acquired Sif Muna's second power
 10749 | D:9      | Reached skill level 11 in Spellcasting
 10749 | D:9      | Reached skill level 5 in Conjurations
 10869 | D:9      | Reached XP level 10. HP: 58/58 MP: 2/32
 11387 | D:10     | Entered Level 10 of the Dungeon
 11482 | D:9      | Noticed a hill giant
 11486 | D:9      | Killed a hill giant
 11486 | D:9      | Reached skill level 1 in Invocations
 11496 | D:9      | Learned a level 4 spell: Force Lance
 11502 | D:9      | Learned a level 5 spell: Lee's Rapid Deconstruction
 11508 | D:9      | Learned a level 5 spell: Ignite Poison
 11767 | D:9      | Reached skill level 1 in Transmutations
 12211 | D:9      | Reached skill level 1 in Charms
 12678 | D:10     | Noticed Erica
 12690 | D:10     | Killed Erica
 12757 | D:10     | Reached skill level 5 in Fighting
 13435 | D:10     | Reached XP level 11. HP: 63/63 MP: 27/33
 13975 | D:10     | Found a staircase to the Lair.
 13990 | D:10     | Reached skill level 12 in Spellcasting
 14090 | D:11     | Noticed Harold
 14095 | D:11     | Noticed a red ugly thing
 14097 | D:11     | Noticed an orc knight
 14541 | Lair:1   | Entered Level 1 of the Lair of Beasts
 14693 | Lair:1   | Reached skill level 5 in Earth Magic
 16169 | Lair:1   | Reached skill level 5 in Fire Magic
 16772 | Lair:2   | Acquired Sif Muna's third power
 17702 | Lair:3   | Noticed Gastronok
 17807 | Lair:3   | Killed Gastronok
 17807 | Lair:3   | Reached XP level 12. HP: 69/69 MP: 0/35
 18248 | Lair:2   | Reached skill level 5 in Invocations
 18262 | Lair:2   | Reached skill level 13 in Spellcasting
 18739 | Lair:4   | Noticed an eight-headed hydra
 18743 | Lair:4   | Killed an eight-headed hydra
 19256 | Lair:4   | Reached skill level 5 in Translocations
 20038 | Lair:3   | Reached skill level 5 in Charms
 20403 | Lair:5   | Found a staircase to the Shoals.
 21304 | Lair:3   | Received a gift from Sif Muna
 21305 | Lair:3   | Identified Sif Muna's Grimoire of Stones (Sif Muna gifted it to you on level 3 of the Lair of Beasts)
 21370 | Lair:3   | Reached XP level 13. HP: 74/74 MP: 24/36
 21795 | Lair:4   | Noticed a catoblepas
 22779 | Lair:4   | Killed a catoblepas
 23631 | Lair:4   | Learned a level 5 spell: Fireball
 24328 | Lair:5   | Reached skill level 14 in Spellcasting
 24435 | Lair:5   | Noticed a seven-headed hydra
 24442 | Lair:5   | Killed a seven-headed hydra
 24601 | Lair:6   | Noticed Snorg
 24612 | Lair:6   | Killed Snorg
 24813 | Lair:5   | Found a staircase to the Snake Pit.
 26430 | Lair:7   | Received a gift from Sif Muna
 26431 | Lair:7   | Identified Sif Muna's Reference Book on Attacks (Sif Muna gifted it to you on level 7 of the Lair of Beasts)
 27186 | Lair:6   | Found a staircase to the Slime Pits.
 27988 | Lair:7   | Reached XP level 14. HP: 76/80 MP: 15/38
 28600 | Lair:8   | Entered Level 8 of the Lair of Beasts
 30032 | Lair:7   | Found a staircase to the Slime Pits.
 32208 | Lair:7   | Received a gift from Sif Muna
 32209 | Lair:7   | Identified Sif Muna's Handbook of Orientation (Sif Muna gifted it to you on level 7 of the Lair of Beasts)
 32631 | Lair:8   | Reached skill level 15 in Spellcasting
 33715 | Lair:8   | Found a burning altar of Makhleb.
 34544 | Lair:8   | Reached skill level 10 in Earth Magic
 34762 | Lair:8   | Found a gateway to Hell.
 35245 | D:10     | Killed a red ugly thing
 35500 | D:11     | Killed an orc knight
 35500 | D:11     | Reached XP level 15. HP: 86/86 MP: 27/39
 35668 | D:11     | Killed Harold
 35776 | D:12     | Reached skill level 10 in Fire Magic
 35986 | D:12     | Reached skill level 10 in Dodging
 36565 | D:11     | Found a staircase to the Orcish Mines.
 37207 | Orc:1    | Entered Level 1 of the Orcish Mines
 37225 | Orc:1    | Reached skill level 10 in Invocations
 37512 | Orc:1    | Reached skill level 10 in Conjurations
 37817 | Orc:1    | Found Grivaj's Jewellery Emporium.
 37859 | Orc:1    | Bought the amulet of Inueph {rMut rElec rPois rF-} for 614 gold pieces
 38645 | Orc:4    | Entered Level 4 of the Orcish Mines
 39486 | Orc:3    | Found Kadara's Antique Armour Boutique.
 39554 | Orc:3    | Bought the +3 robe of Clouds {+Fly rElec} for 954 gold pieces
 40605 | Orc:2    | Noticed Fannar
 40608 | Orc:2    | Killed Fannar
 40608 | Orc:2    | Received a gift from Sif Muna
 40609 | Orc:2    | Identified Sif Muna's Incunabulum of Gliding Enhancements (Sif Muna gifted it to you on level 2 of the Orcish Mines)
 40618 | Orc:2    | Learned a level 7 spell: Ring of Flames
 40845 | Lair:2   | Learned a level 6 spell: Deflect Missiles
 41550 | Orc:3    | Found a glowing silver altar of Zin.
 42188 | Orc:4    | Found a staircase to the Elven Halls.
 43353 | Orc:4    | Found Udaq's Distillery.
 43354 | Orc:4    | Found Ilohiecsea's Antique Armour Boutique.
 43356 | Orc:4    | Found Unucs' General Store.
 43356 | Orc:4    | Found Anelaop's Jewellery Boutique.
 43372 | Orc:4    | Bought an uncursed ring of magical power for 280 gold pieces
 43398 | Orc:4    | Bought a potion of haste for 160 gold pieces
 43398 | Orc:4    | Bought a potion of brilliance for 64 gold pieces
 44064 | Elf:1    | Entered Level 1 of the Elven Halls
 44693 | Elf:1    | Identified the Collected Works on Combat Magic
 44720 | Elf:1    | Noticed Kirke
 44734 | Elf:1    | Killed Kirke
 46023 | Elf:1    | Received a gift from Sif Muna
 46024 | Elf:1    | Identified Sif Muna's Disquisition on Igneous Confrontation (Sif Muna gifted it to you on level 1 of the Elven Halls)
 46032 | Elf:1    | Learned a level 5 spell: Bolt of Magma
 46039 | Elf:1    | Learned a level 5 spell: Iskenderun's Battlesphere
 46086 | Elf:1    | Found Lamigo's Gadget Emporium.
 46331 | Elf:2    | Found a runed gate.
 46331 | Elf:2    | Found a runed gate.
 46331 | Elf:2    | Found a runed gate.
 46911 | Elf:2    | Reached XP level 16. HP: 92/92 MP: 40/40
 47003 | Elf:2    | Reached skill level 16 in Spellcasting
 47909 | Elf:2    | Noticed a deep elf blademaster
 47913 | Elf:2    | Killed a deep elf blademaster
 47916 | Elf:2    | Reached skill level 10 in Charms
 48808 | Lair:2   | Learned a level 6 spell: Bolt of Fire
 48816 | Lair:2   | Learned a level 5 spell: Ignite Poison
 48821 | Lair:2   | Learned a level 4 spell: Iskenderun's Mystic Blast
 48921 | Snake:1  | Entered Level 1 of the Snake Pit
 51405 | Snake:2  | Got a bloodstained robe
 51416 | Snake:2  | Identified the cursed -5 robe "Wosom" {rF+ rN+ rCorr MP+9 Str-4 Dex+4} (You found it on level 2 of the Snake Pit)
 51416 | Snake:2  | Lost strength.
 51536 | Snake:2  | Received a gift from Sif Muna
 51537 | Snake:2  | Identified Sif Muna's Catalogue of Aerial Attacks (Sif Muna gifted it to you on level 2 of the Snake Pit)
 51825 | Snake:2  | Got a crystal rapier
 51826 | Snake:2  | Identified the +7 rapier of Termination {venom, rC+ Dex+2} (You found it on level 2 of the Snake Pit)
 54075 | Snake:2  | Reached XP level 17. HP: 99/99 MP: 39/41
 54256 | Lair:2   | Learned a level 6 spell: Iron Shot
 54763 | Snake:5  | Entered Level 5 of the Snake Pit
 54784 | Snake:3  | Found an opulent altar of Gozag.
 56014 | Snake:4  | Received a gift from Sif Muna
 56015 | Snake:4  | Identified Sif Muna's Reference Book on Self-Knowledge (Sif Muna gifted it to you on level 4 of the Snake Pit)
 56079 | Snake:4  | Reached skill level 17 in Spellcasting
 57254 | Snake:4  | Noticed faibistes' ghost (mighty DEWz)
 57267 | Snake:4  | Killed faibistes' ghost
 58306 | Snake:4  | Received a gift from Sif Muna
 58356 | Snake:4  | Identified Sif Muna's Papyrus of Blistering Battle Magic (Sif Muna gifted it to you on level 4 of the Snake Pit)
 60817 | Snake:5  | Found a glowing silver altar of Zin.
 61032 | Snake:5  | Reached XP level 18. HP: 86/105 MP: 10/42
 61956 | Snake:5  | Received a gift from Sif Muna
 62383 | Snake:5  | Reached skill level 18 in Spellcasting
 62916 | Snake:5  | Got a serpentine rune of Zot
 63630 | Lair:2   | Learned a level 6 spell: Haste
 63634 | Lair:2   | Learned a level 3 spell: Mephitic Cloud
 63670 | Shoals:1 | Entered Level 1 of the Shoals
 65957 | Shoals:4 | Received a gift from Sif Muna
 66123 | Shoals:4 | Identified Uphimya's Handbook of Supportive Moulding (Sif Muna gifted it to you on level 4 of the Shoals)
 66905 | Shoals:4 | Reached skill level 15 in Earth Magic
 67786 | Shoals:5 | Entered Level 5 of the Shoals
 67794 | Shoals:5 | Noticed Louise
 68256 | Shoals:5 | Noticed Norris
 68614 | Shoals:5 | Reached XP level 19. HP: 112/112 MP: 37/43
 68731 | Shoals:5 | Noticed Ilsuiw
 68739 | Shoals:5 | Killed Ilsuiw
 68848 | Shoals:5 | Killed Louise
 69130 | Shoals:4 | Gained mutation: You are robust (+10% HP). [potion of beneficial mutation]
 69710 | Shoals:5 | Reached skill level 19 in Spellcasting
 69961 | Shoals:5 | Reached skill level 15 in Fire Magic
 70676 | Shoals:5 | Received a gift from Sif Muna
 70818 | Shoals:5 | Cast into the Abyss (merfolk impaler)
 70818 | Abyss:1  | Found a corrupted altar of Lugonu.
 70827 | Shoals:5 | Escaped the Abyss
 71219 | Shoals:5 | Identified Dobeeler's Volume of Battle Magic (Sif Muna gifted it to you on level 5 of the Shoals)
 71245 | Shoals:5 | Got a barnacled rune of Zot
 71319 | Shoals:5 | Killed Norris
 71551 | Shoals:5 | Reached skill level 10 in Fighting
 71864 | Shoals:5 | Reached skill level 15 in Conjurations
 72041 | Shoals:5 | Identified Moigh's Catalogue of Poisonous Displacement
 72727 | Lair:2   | Learned a level 5 spell: Iskenderun's Battlesphere
 74968 | D:13     | Found a gate to the Vaults.
 75355 | D:15     | Entered Level 15 of the Dungeon
 76852 | D:14     | Found an opulent altar of Gozag.
 77400 | D:15     | Found Priti's Distillery.
 77433 | D:15     | Bought a potion of cure mutation for 490 gold pieces
 77433 | D:15     | Bought a potion of heal wounds for 70 gold pieces
 77657 | D:15     | Received a gift from Sif Muna
 78565 | D:15     | Found a staircase to the Depths.
 79705 | Vaults:1 | Entered Level 1 of the Vaults
 80259 | Vaults:1 | Reached XP level 20. HP: 127/129 MP: 43/44
 80261 | Vaults:1 | Noticed faibistes' ghost (mighty DEWz)
 80266 | Vaults:1 | Killed faibistes' ghost
 80916 | Vaults:1 | Found Wungubbeme's Assorted Antiques.
 81306 | Vaults:1 | Reached skill level 20 in Spellcasting
 81743 | Vaults:1 | Received a gift from Sif Muna
 81756 | Vaults:1 | Identified Jeob's Grimoire of Aerial Confrontation (Sif Muna gifted it to you on level 1 of the Vaults)
 84339 | Vaults:2 | Noticed Asterion
 84343 | Vaults:2 | Killed Asterion
 84714 | Vaults:2 | Reached skill level 10 in Translocations
 84975 | Vaults:2 | Received a gift from Sif Muna
 84979 | Vaults:2 | Identified Ussumn's Tome of Unstable Boosts (Sif Muna gifted it to you on level 2 of the Vaults)
 86313 | Vaults:2 | Reached XP level 21. HP: 136/136 MP: 28/45
 86542 | Vaults:2 | Noticed Mara
 86550 | Vaults:2 | Killed Mara
 86766 | Vaults:2 | Received a gift from Sif Muna
 86766 | Vaults:2 | Reached XP level 22. HP: 143/143 MP: 46/46
 86767 | Vaults:2 | Identified Skic's Collected Works on Attacks and the Birds (Sif Muna gifted it to you on level 2 of the Vaults)
 86836 | Vaults:2 | Found a portal to a secret trove of treasure.
 86945 | Vaults:2 | Found a staircase to the Crypt.
 86945 | Vaults:2 | Found an ancient bone altar of Kikubaaqudgha.
 86946 | Vaults:2 | Found a basalt altar of Yredelemnul.
 87795 | Lair:2   | Learned a level 7 spell: Controlled Blink
 88747 | Vaults:3 | Found Trerer's Armour Shoppe.
 88864 | Vaults:3 | Noticed Xtahua
 88871 | Vaults:3 | Killed Xtahua
 89158 | Vaults:3 | Reached skill level 21 in Spellcasting
 89599 | Vaults:3 | Bought a +2 cloak of magic resistance for 387 gold pieces
 90674 | D:13     | Received a gift from Sif Muna
 90956 | Vaults:4 | Found a bloodstained altar of Trog.
 93035 | Vaults:4 | Received a gift from Sif Muna
 93212 | Vaults:4 | Reached XP level 23. HP: 148/148 MP: 21/47
 93912 | Depths:1 | Entered Level 1 of the Depths
 94098 | Depths:1 | Noticed Sojobo
 94275 | Depths:1 | Killed Sojobo
 94731 | Lair:2   | Learned a level 8 spell: Lehudib's Crystal Spear
 95358 | Depths:1 | Found a one-way gate leading to the halls of Pandemonium.
 96012 | Depths:2 | Found Gozag's Antique Weapon Shoppe.
 96159 | Depths:2 | Received a gift from Sif Muna
 96160 | Depths:2 | Identified Sif Muna's Papyrus of Arcane Weapons (Sif Muna gifted it to you on level 2 of the Depths)
 96414 | Depths:2 | Found an opulent altar of Gozag.
 96978 | Depths:1 | Reached skill level 22 in Spellcasting
 97695 | Depths:1 | Noticed Aizul
 97701 | Depths:1 | Killed Aizul
 98051 | Depths:1 | Found a gateway to a ziggurat.
 98308 | Depths:2 | Noticed Nikola
 98311 | Depths:2 | Killed Nikola
 98997 | Depths:2 | Found Gozag's Assorted Antiques.
 99270 | Depths:3 | Noticed Mennas
 99283 | Depths:2 | HP: 6/149 [Mennas/eudemon blade of holy wrath (15)]
 99284 | Depths:2 | Demolished by Mennas

Action                   |  1- 3 |  4- 6 |  7- 9 | 10-12 | 13-15 | 16-18 | 19-21 | 22-24 || total
-------------------------+-------+-------+-------+-------+-------+-------+-------+-------++-------
Melee: Dagger            |     3 |    18 |    24 |       |       |       |       |       ||    45
       Battleaxe         |       |       |    10 |   117 |    82 |       |       |       ||   209
       Staff             |       |       |       |       |     6 |       |     1 |       ||     7
 Cast: Magic Dart        |    94 |   101 |   444 |   247 |     9 |       |       |       ||   895
       Call Imp          |     2 |     3 |     3 |       |       |       |       |       ||     8
       Mephitic Cloud    |     3 |    13 |    31 |    68 |    24 |     2 |     2 |       ||   143
       Blink             |     2 |       |     8 |     2 |    16 |    14 |       |       ||    42
       Conjure Flame     |       |    10 |    39 |    57 |    21 |       |       |       ||   127
       Repel Missiles    |       |     1 |     1 |       |     2 |       |       |       ||     4
       Force Lance       |       |       |       |   131 |   238 |   113 |    35 |    30 ||   547
       Ignite Poison     |       |       |       |    46 |    59 |    68 |       |       ||   173
       Lee's Rapid Decon |       |       |       |    40 |    98 |    70 |   123 |    75 ||   406
       Petrify           |       |       |       |     7 |    21 |       |       |       ||    28
       Fireball          |       |       |       |       |   561 |   251 |   191 |   110 ||  1113
       Bolt of Magma     |       |       |       |       |     4 |    12 |       |       ||    16
       Iskenderun's Batt |       |       |       |       |     1 |     6 |     2 |       ||     9
       Deflect Missiles  |       |       |       |       |     1 |    12 |     7 |     4 ||    24
       Ring of Flames    |       |       |       |       |     1 |    22 |    26 |    23 ||    72
       Bolt of Fire      |       |       |       |       |       |   316 |   298 |   234 ||   848
       Iskenderun's Myst |       |       |       |       |       |    23 |       |       ||    23
       Iron Shot         |       |       |       |       |       |    38 |    71 |    38 ||   147
       Haste             |       |       |       |       |       |     1 |     2 |     2 ||     5
       Lehudib's Crystal |       |       |       |       |       |       |       |    13 ||    13
       Controlled Blink  |       |       |       |       |       |       |       |     1 ||     1
Invok: Channel Energy    |       |       |       |    84 |   167 |   100 |    57 |    36 ||   444
       Forget Spell      |       |       |       |       |     4 |     4 |     1 |     1 ||    10
Evoke: Wand              |       |       |       |       |     7 |     3 |       |     2 ||    12
       Lamp of fire      |       |       |       |       |     1 |       |       |       ||     1
  Use: Scroll            |       |     5 |     3 |    16 |     8 |    15 |    11 |     7 ||    65
       Potion            |       |       |     3 |       |     6 |     9 |     3 |     2 ||    23
 Stab: Sleeping          |     3 |       |     1 |       |       |       |       |       ||     4
       Confused          |       |     2 |     4 |     7 |     2 |       |       |       ||    15
       Paralysed         |       |       |       |       |     5 |       |       |       ||     5
       Petrifying        |       |       |       |       |     1 |       |       |       ||     1
  Eat: Chunk             |     3 |     9 |    18 |    44 |    93 |    73 |    52 |    24 ||   316
       Fruit             |       |       |     1 |     2 |    12 |     2 |    12 |     5 ||    34
       Beef jerky        |       |       |       |     2 |     1 |     8 |     1 |     2 ||    14
       Pizza             |       |       |       |       |       |       |     2 |     6 ||     8
       Royal jelly       |       |       |       |       |       |       |       |     2 ||     2
